 Dungeon Crawl Stone Soup version bcrawl-1.21.2-20-g6d45ba5942 (webtiles) character file.

Game seed: 17006690846833181224

4 MisterOstroum the Ducker (level 1, -4/19 HPs)
             Began as an Ogre Archaeologist on Feb 26, 2020.
             Slain by a worm (8 damage)
             ... on level 1 of the Dungeon.
             The game lasted 00:02:06 (1111 turns).

MisterOstroum the Ducker (Ogre Archaeologist)       Turns: 1111, Time: 00:02:07

Health: -4/19      AC:  5    Str: 14    XL:     1   Next: 70%
Magic:  1/1        EV: 10    Int: 15    God:
Gold:   9          SH:  0    Dex:  7    Spells: 0/0 levels left

rFire    . . .     SeeInvis .   a - +0 whip
rCold    . . .     Gourm    .   (no shield)
rNeg     . . .     Faith    .   b - +1 robe
rPois    .         Spirit   .   c - +1 hat
rElec    .         Reflect  .   (no cloak)
rCorr    .         Harm     .   (gloves unavailable)
MR       .....                  (boots unavailable)
Stlth    ++........             (no amulet)
HPRegen  0.06/turn              (no ring)
MPRegen  0.07/turn              (no ring)

@: no status effects
A: large, unfitting armour, tough skin 1
a: no special abilities


You were on level 1 of the Dungeon.
You were hungry.

You visited 1 branch of the dungeon, and saw 1 of its levels.

You collected 9 gold pieces.

Inventory:

Hand Weapons
 a - a +0 whip (weapon)
Missiles
 h - 127 arrows
 i - 159 stones (quivered)
Armour
 b - a +1 robe (worn)
 c - a +1 hat (worn)
 d - a +1 robe
Scrolls
 g - a scroll of magic mapping {@r5 !r}
Miscellaneous
 f - a dusty tome
Comestibles
 e - 3 rations {!d}


   Skills:
 - Level 1.3 Fighting
 * Level 1.7 Maces & Flails
 - Level 2.6 Dodging
 + Level 2.5 Stealth


You couldn't memorise any spells.
You didn't know any spells.
Your spell library was empty.

Dungeon Overview and Level Annotations

Branches:
Dungeon (1/12)

Altars:


Innate Abilities, Weirdness & Mutations

You are too large for most types of armour.
You have tough skin. (AC +1)


Message History

Found 20 gold pieces.
Found 2 rations and 12 gold pieces.
You see here a spear.
j - a spear You drop a spear.
e - 2 rations {!d} (gained 1)
e - 3 rations {!d} (gained 1)
Found a golden potion.
A bat comes into view.
The bat misses you. The bat barely misses you. The bat hits you.
The bat barely misses you.
You see here a golden potion.
You hit the bat.
The bat is heavily wounded.
The bat hits you but does no damage. x2
You hit the bat.
The bat is severely wounded.
The bat barely misses you. The bat hits you but does no damage.
The bat hits you but does no damage. The bat barely misses you.
You miss the bat.
The bat is heavily wounded.
The bat closely misses you.
You miss the bat.
The bat is heavily wounded.
The bat barely misses you. The bat hits you but does no damage.
A worm comes into view.
The bat hits you but does no damage. The bat closely misses you.
You miss the bat.
The bat is heavily wounded.
The bat hits you but does no damage. The bat barely misses you.
The bat closely misses you. The bat hits you but does no damage.
You barely miss the bat.
The bat is heavily wounded.
The bat closely misses you. The bat barely misses you.
The bat closely misses you.
You miss the bat.
The bat is heavily wounded.
The bat closely misses you. The bat misses you.
The bat hits you but does no damage.
You closely miss the bat.
The bat is heavily wounded.
The bat hits you.
The bat hits the plant but does no damage.
You closely miss the bat.
The bat is heavily wounded.
You are feeling hungry.
The bat barely misses you. The bat hits you but does no damage.
The bat barely misses you.
You closely miss the bat.
The bat is heavily wounded.
The bat hits you but does no damage. x2
The bat hits you.
You completely miss the bat.
The bat is heavily wounded.
The bat hits you but does no damage. The bat barely misses you.
You hit the bat.
The bat is heavily wounded.
The bat barely misses you. The bat hits you.
You hit the bat but do no damage.
The bat is heavily wounded.
The bat hits you but does no damage.
The bat hits the plant but does no damage.
You barely miss the worm.
You see here a golden potion.
The bat barely misses you. The bat barely misses you. x2
The bat closely misses you. The bat hits you but does no damage.
You closely miss the bat.
The bat is heavily wounded.
The bat closely misses you.
Throwing (i - inventory)
i - 161 stones (quivered)
Press: ? - help, Shift-Dir - straight line, f - worm
Aim: a worm You throw a stone.
The stone hits the worm but does no damage.
The worm bites you.
You hit the worm.
The worm is lightly wounded.
You hit the worm.
The worm is moderately wounded.
The worm bites you!
Ouch! That really hurt!
* * * LOW HITPOINT WARNING * * *
You hit the worm.
The worm is severely wounded.
Throwing (i - inventory)
i - 160 stones (quivered)
Press: ? - help, Shift-Dir - straight line, f/p - worm
Aim: a worm (heavily wounded)
You throw a stone.
The stone hits the worm but does no damage.
The worm is heavily wounded.
You hit the worm but do no damage.
The worm is heavily wounded.
The worm bites you!
You die...

#.≈.≈.# #..####.# #≈≈.P≈
##..####.# #.≈PP♣#
#........# #...#
#.#.##.### ###.# #.#.##.#
####.### #.#.##.#
#......# #####.#.##.#
#.##!#.#######...#.#.##.#
# #......bw@....#......#
###.#######.......####
#.# ######### ..# ####


You could see a worm and a bat.

Vanquished Creatures
  A bat (D:1)
  A hobgoblin (D:1)
  2 kobolds (D:1)
4 creatures vanquished.

Notes
Turn   | Place    | Note
-------+----------+-------------------------------------------
     0 | D:1      | MisterOstroum the Ogre Archaeologist began the quest for
                  | the Orb.
     0 | D:1      | Reached XP level 1. HP: 19/19 MP: 1/1
  1111 | D:1      | Slain by a worm

Action                   || total
-------------------------++-------
Melee: Whip              ||    55
Throw: Stone             ||     7
 Stab: Sleeping          ||     2
Armor: Robe              ||    33
Dodge: Dodged            ||    39
